 Dungeon Crawl Stone Soup version 0.23-a0-767-gdc19b93d68 (webtiles) character file.

9142 Acheron the Covert (level 11, -2/100 HPs)
             Began as a Gargoyle Wanderer on Jan 19, 2019.
             Slain by a minotaur
             ... wielding a +0 scythe
              (5 damage)
             ... in a Gauntlet on Jan 20, 2019.
             The game lasted 02:10:13 (10316 turns).

Acheron the Covert (Gargoyle Wanderer)             Turns: 10316, Time: 02:10:13

Health: -2/100     AC: 27    Str: 31    XL:     11   Next: 41%
Magic:  4/4        EV: 16    Int: 11    God:
Gold:   186        SH:  0    Dex: 16    Spells: 14/14 levels left

rFire    . . .     SeeInvis .   a - +8 hand axe "Sot Iteis" {antimagic, *Slow rC+ Str+3}
rCold    + + +     Gourm    .   (no shield)
rNeg     + . .     Faith    .   B - +2 scale mail
rPois    ∞         Spirit   .   u - +2 helmet {Int+3}
rElec    +         Reflect  .   n - +2 cloak
rCorr    .         Harm     .   (no gloves)
MR       ++...     NoTele   +   Q - +2 pair of boots
Stlth    ..........             (no amulet)
HPRegen  0.26/turn              F - ring of Ymeatido {+Fly rC+ Str+6 Int-5}
MPRegen  0.09/turn              k - ring "Raimm" {rC+ MR++ EV-2} (curse)

@: agile, berserking (expiring), very quick
A: negative energy resistance 1, electricity resistance, unbreathing,
petrification resistance, rot immunity, AC +8
a: Evoke Flight


You were in a Gauntlet.
You were not hungry.

You visited 2 branches of the dungeon, and saw 11 of its levels.
You also visited: Sewer and Gauntlet.

You collected 476 gold pieces.
You spent 290 gold pieces at shops.

Inventory:

Hand Weapons
 a - the +8 hand axe "Sot Iteis" (weapon) {antimagic, *Slow rC+ Str+3}
   (You found it on level 5 of the Dungeon)

   It reduces the magical energy of the wielder, and disrupts the spells and
   magical abilities of those hit.
   Natural abilities and divine invocations are not affected.
   It affects your strength (+3).
   It protects you from cold.
   It may slow you when you take damage.
 b - a +2 hand crossbow
 d - a +2 dagger of electrocution
   (You took it off Jessica on level 3 of the Dungeon)
 q - a +0 whip of flaming
   (You took it off an orc on level 4 of the Dungeon)
 y - a +2 trident of venom
   (You took it off an orc on level 3 of the Dungeon)
 W - a +5 halberd
   (You took it off a wight on level 8 of the Dungeon)
Missiles
 o - a throwing net (quivered) {!f}
 H - 78 bolts
 I - 79 sling bullets
Armour
 n - a +2 cloak (worn)
   (You found it on level 1 of the Dungeon)
 u - a +2 helmet of intelligence (worn)
   (You took it off Robin on level 3 of the Dungeon)
 w - a scarf of spirit shield
   (You found it in a Gauntlet)
 B - a +2 scale mail (worn)
 D - the +3 robe of Dramatic Exits {rN++ Str+2}
   (You found it on level 5 of the Dungeon)

   It affects your strength (+2).
   It greatly protects you from negative energy.
 Q - a +2 pair of boots (worn)
   (You found it on level 7 of the Dungeon)
Jewellery
 k - the cursed ring "Raimm" (right hand) {rC+ MR++ EV-2}
   (You found it on level 5 of the Dungeon)

   [ring of evasion]

   It affects your evasion (-2).
   It protects you from cold.
   It affects your resistance to hostile enchantments.
   It has a curse placed upon it.
 l - an uncursed ring of protection from magic
   (You found it on level 7 of the Dungeon)
 F - the ring of Ymeatido (left hand) {+Fly rC+ Str+6 Int-5}
   (You found it in a Gauntlet)

   [ring of flight]

   It affects your strength (+6).
   It affects your intelligence (-5).
   It protects you from cold.
   It lets you fly.
Wands
 c - a wand of disintegration (7) {!d}
   (You found it on level 6 of the Dungeon)
 i - a wand of iceblast (1)
   (You found it on level 7 of the Dungeon)
 t - a wand of flame (15)
   (You found it on level 6 of the Dungeon)
 N - a wand of enslavement (8)
   (You found it on level 7 of the Dungeon)
 V - a wand of polymorph (3)
   (You found it on level 8 of the Dungeon)
Scrolls
 g - 3 scrolls of fog
 h - a scroll of blinking {unknown}
 j - a scroll of teleportation {@r4}
 A - 2 scrolls of immolation {!r}
 C - a scroll of enchant armour
 E - a scroll of remove curse {@r2}
 G - a scroll of brand weapon {unknown}
 K - 2 scrolls of enchant weapon
 R - 3 scrolls of magic mapping
Potions
 f - a potion of brilliance
 p - 4 potions of ambrosia
 s - 2 potions of lignification {!q}
 v - a potion of curing {@q1}
 x - 3 potions of mutation {!q}
 z - 4 potions of flight
Comestibles
 e - 18 rations {!d}


   Skills:
 + Level 7.2 Fighting
 - Level 4.2 Short Blades
 * Level 3.7(4.7) Axes
 - Level 4.2(5.0) Polearms
   Level 4.3 Bows
 - Level 4.1 Crossbows
 - Level 4.2 Throwing
 - Level 6.5 Armour
 - Level 4.5 Dodging
 - Level 8.0 Stealth
   Level 3.4 Shields
 - Level 2.1 Spellcasting
   Level 1.1 Conjurations
 - Level 4.1 Evocations


You had 14 spell levels left.
You didn't know any spells.
Your spell library was empty.

Dungeon Overview and Level Annotations

Branches:
Dungeon (11/15)            Temple (1/1) D:6            Lair (0/6) D:11
    Orc: D:9-12

Altars:
Ashenzari
Cheibriados
Dithmenos
Elyvilon
Fedhas
Gozag
Hepliaklqana
Kikubaaqudgha
Makhleb
Nemelex Xobeh
Okawaru
Qazlal
Ru
Sif Muna
Trog
Uskayaw
Vehumet
Wu Jian
Xom
Yredelemnul
Zin
The Shining One
Beogh

Shops:
D:4 (([:!

Annotations:
D:4 1 runed door
D:6 exclusion: upstairs
D:11 exclusion: oklob plant Gauntlet 6 transporters


Innate Abilities, Weirdness & Mutations

You are resistant to torment.
Your stone body is resilient. (AC +8)
You are immune to poison.
You resist negative energy. (rN+)
You are resistant to electric shocks. (rElec)
You can survive without breathing.
You are immune to petrification.
You are immune to rotting.


Message History

Adjust to which letter? (? for menu, Esc to quit)
r - a potion of berserk rage;
s - 2 potions of lignification {!q} You open the door.
A minotaur comes into view. It is wielding a +0 scythe.
Found a ration.
Found a gate leading back out of this place.
Here: a minotaur, wielding a +0 scythe and wearing a +0 chain mail (hasn't noticed you)
The floor.
A minotaur is nearby!
Unknown command.
There is an open door here.
Aim: a minotaur, wielding a +0 scythe and wearing a +0 chain mail (hasn't noticed you, chance to defeat MR: 17%)
The minotaur resists with almost no effort.
The minotaur throws a javelin.
The javelin hits you!
Aim: a minotaur, wielding a +0 scythe and wearing a +0 chain mail The mass of ice explodes!
The iceblast engulfs the minotaur.
The minotaur throws a javelin.
The javelin hits you!
Aim: a minotaur, wielding a +0 scythe and wearing a +0 chain mail (moderately wounded, chance to defeat MR: 17%)
The minotaur resists with almost no effort.
The minotaur throws a javelin.
The javelin hits you.
Aim: a minotaur, wielding a +0 scythe and wearing a +0 chain mail (moderately wounded)
The mass of ice explodes!
The iceblast engulfs the minotaur.
The minotaur throws a javelin.
The javelin hits you!
* * * LOW HITPOINT WARNING * * *
You feel better.
A red film seems to cover your vision as you go berserk!
You feel yourself moving faster!
You feel mighty!
The minotaur hits you but does no damage.
The minotaur gores you but does no damage.
You slice the minotaur!! The minotaur hits you with a +0 scythe!
* * * LOW HITPOINT WARNING * * *
The minotaur gores you.
* * * LOW HITPOINT WARNING * * *
You slash the minotaur! You slash the minotaur! You barely miss the minotaur.
The minotaur hits you with a +0 scythe.
* * * LOW HITPOINT WARNING * * *
The minotaur gores you but does no damage.
You hit the minotaur but do no damage. You barely miss the minotaur.
The minotaur furiously retaliates!
The minotaur headbutts you!
* * * LOW HITPOINT WARNING * * *
The minotaur hits you with a +0 scythe!
* * * LOW HITPOINT WARNING * * *
The minotaur misses you.
Your scale mail prevents you from hitting the minotaur.
The minotaur furiously retaliates!
The minotaur headbutts you!
* * * LOW HITPOINT WARNING * * *
You slash the minotaur! The minotaur hits you with a +0 scythe.
You die...

.. #.##......##≈.#..
#.##....##.⌠.###.#§.
...##.##...##..#.#
#.##....⌠.#...#.#
#....##...#.∩.#..
######.##.##.©.#...###
#∩.H.(.##......#.⌠....
######H...##.©.#...###
#..@.##.##...#.∩.#..
#....##.##....⌠.#...#[#
#..## #....##...##..#(.
# ..##.##.⌠.###.#©#
#.##......##≈.#..
#....##.⌠.#≈≈.#!# ###
##≈.#.. ##.### #≈....


You could see a minotaur.

Vanquished Creatures
  2 two-headed ogres (D:11)
  A hell hog (Gauntlet)
  An unseen horror (D:11)
  An ice statue (Gauntlet)
  2 rime drakes (Gauntlet)
  An ice devil (Gauntlet)
  2 hornets (D:8)
  A hippogriff (D:7)
  4 fire bats (Gauntlet)
  2 soldier ants (D:8)
  2 hell hounds (Gauntlet)
  4 sky beasts
  2 black bears (D:9)
  An orc warrior (D:6)
  4 ogres
  A phantom (D:4)
  2 centaurs
  2 big kobolds
  3 bullfrogs
  A wyvern skeleton (D:6)
  2 scorpions
  7 killer bees
  6 wights
  2 howler monkeys
  2 centaur zombies
  3 crimson imps
  2 jellies (D:6)
  A quasit (D:6)
  7 hounds
  A gnoll shaman (D:8)
  5 orc priests
  A centaur skeleton (D:4)
  11 orc wizards
  Jessica (D:3)
  An iguana (D:8)
  Natasha (thrice) (D:4)
  6 worker ants
  2 hound skeletons
  Robin (D:3)
  4 gnolls
  A howler monkey skeleton (D:6)
  6 adders
  A shadow imp (D:5)
  2 white imps (Gauntlet)
  2 adder skeletons
  An adder zombie (D:8)
  3 worms
  4 leopard geckos
  35 orcs
  8 bats
  5 giant cockroaches
  18 goblins
  4 hobgoblins
  14 jackals
  11 kobolds
  6 quokkas
  A ball python (D:6)
  4 frilled lizards
  A leopard gecko skeleton (D:5)
  2 quokka zombies
  8 rats
244 creatures vanquished.

Vanquished Creatures (others)
  A two-headed ogre (D:11)
  A hippogriff (D:11)
  2 centaurs (D:11)
  A crocodile (D:11)
  A bullfrog (D:11)
  A wight (D:11)
  A jelly (D:11)
  2 orc wizards (D:11)
  2 orcs (D:11)
  A quokka (D:11)
13 creatures vanquished.

Grand Total: 257 creatures vanquished

Notes
Turn   | Place    | Note
-------+----------+-------------------------------------------
     0 | D:1      | Acheron the Gargoyle Wanderer began the quest for the Orb.
     0 | D:1      | Acheron set off with the following items: a +2 scale mail,
                  | a +0 hand crossbow, 25 bolts, a +0 shortbow, a ration {!d},
                  | 29 arrows
     0 | D:1      | Reached XP level 1. HP: 12/12 MP: 3/3
   363 | D:1      | Reached XP level 2. HP: 16/16 MP: 5/5
   765 | D:1      | Reached skill level 1 in Stealth
  1099 | D:1      | Reached XP level 3. HP: 20/20 MP: 6/6
  1471 | D:3      | Noticed Robin
  1517 | D:2      | Reached skill level 1 in Crossbows
  1800 | D:3      | Noticed Jessica
  1816 | D:3      | Killed Jessica
  1816 | D:3      | Reached skill level 1 in Dodging
  1816 | D:3      | Reached XP level 4. HP: 25/26 MP: 7/7
  1896 | D:3      | Killed Robin
  1989 | D:3      | Found a roughly hewn altar of Beogh.
  2175 | D:4      | Found Qaemayn's Book Shoppe.
  2193 | D:4      | Found a basalt altar of Yredelemnul.
  2208 | D:4      | Found Vueronk's Distillery.
  2216 | D:4      | Bought a potion of curing for 30 gold pieces
  2226 | D:4      | Reached skill level 2 in Stealth
  2226 | D:4      | Reached XP level 5. HP: 30/30 MP: 8/8
  2243 | D:4      | Noticed a phantom
  2265 | D:4      | Found a runed door.
  2273 | D:4      | Found a glowing golden altar of the Shining One.
  2274 | D:4      | Noticed an angel
  2280 | D:4      | Noticed Natasha
  2292 | D:4      | Killed Natasha
  2292 | D:4      | Reached skill level 1 in Short Blades
  2328 | D:4      | Found Ysazud's Antique Armour Boutique.
  2364 | D:4      | Noticed Natasha
  2426 | D:3      | Reached XP level 6. HP: 36/36 MP: 9/9
  3030 | D:4      | Found Ybulueh's Antique Weapon Shop.
  3126 | D:4      | Reached skill level 3 in Stealth
  3148 | D:4      | Found Zuph's Weapon Shoppe.
  3289 | D:4      | Killed a phantom
  3289 | D:4      | Reached XP level 7. HP: 39/40 MP: 10/10
  3505 | D:4      | Found a white marble altar of Elyvilon.
  3506 | D:4      | Found a glowing silver altar of Zin.
  3507 | D:4      | Found a glowing golden altar of the Shining One.
  3596 | D:4      | Killed Natasha
  3622 | D:5      | Entered Level 5 of the Dungeon
  3695 | D:4      | Bought a potion of flight for 30 gold pieces
  3695 | D:4      | Bought a potion of might for 40 gold pieces
  3695 | D:4      | Bought a potion of lignification for 30 gold pieces
  3702 | D:4      | Noticed Natasha
  3707 | D:4      | Killed Natasha
  3973 | D:5      | Got a polished hand axe
  4030 | D:5      | Got a fabulously ornate robe
  4115 | D:5      | Found a shattered altar of Ashenzari.
  4120 | D:5      | Identified the +8 hand axe "Sot Iteis" {antimagic, *Slow
                  | rC+ Str+3} (You found it on level 5 of the Dungeon)
  4253 | D:5      | Got a translucent turquoise ring
  4320 | D:5      | Found an iron altar of Okawaru.
  4499 | D:6      | Found a glowing drain.
  4535 | Sewer    | Entered a sewer
  4608 | Sewer    | Reached skill level 4 in Stealth
  4647 | Sewer    | Found a white marble altar of Elyvilon.
  4697 | D:6      | Reached XP level 8. HP: 46/48 MP: 11/11
  4738 | D:6      | Found a deep blue altar of Sif Muna.
  4924 | D:6      | Reached skill level 1 in Axes
  4979 | D:6      | Found a staircase to the Ecumenical Temple.
  5009 | D:6      | Reached skill level 1 in Polearms
  5038 | D:6      | Noticed an air elemental
  5040 | D:6      | Found a stormy altar of Qazlal.
  5041 | D:6      | Noticed a water elemental
  5525 | D:6      | Reached skill level 5 in Stealth
  5821 | Temple   | Entered the Ecumenical Temple
  6094 | D:4      | Bought a potion of mutation for 80 gold pieces
  6094 | D:4      | Bought a potion of invisibility for 80 gold pieces
  6448 | D:7      | Reached XP level 9. HP: 30/52 MP: 12/12
  6455 | D:7      | Found a burning altar of Makhleb.
  6456 | D:7      | Found an ornate altar of the Wu Jian Council.
  6457 | D:7      | Found a hazy altar of Hepliaklqana.
  6509 | D:6      | Reached skill level 1 in Evocations
  6911 | D:7      | Reached skill level 5 in Fighting
  6983 | D:7      | Found a sparkling altar of Nemelex Xobeh.
  6989 | D:7      | Identified the cursed ring "Raimm" {rC+ MR++ EV-2} (You
                  | found it on level 5 of the Dungeon)
  7314 | D:7      | Reached skill level 6 in Stealth
  7425 | D:7      | Identified the +3 robe of Dramatic Exits {rN++ Str+2} (You
                  | found it on level 5 of the Dungeon)
  7651 | D:7      | Reached skill level 5 in Armour
  8067 | D:8      | Reached XP level 10. HP: 51/60 MP: 13/13
  8116 | D:8      | Reached skill level 1 in Shields
  9102 | D:9      | Found a bloodstained altar of Trog.
  9102 | D:9      | You fall through a shaft for 2 floors!
  9112 | D:11     | Killed a two-headed ogre
  9129 | D:11     | Found a staircase to the Lair.
  9129 | D:11     | Noticed an oklob plant
  9129 | D:11     | Killed an unseen horror
  9129 | D:11     | Reached skill level 7 in Stealth
  9299 | D:11     | Noticed a two-headed ogre
  9300 | D:11     | Found a gate leading to a gauntlet.
  9303 | D:11     | Noticed a two-headed ogre
  9304 | D:11     | Killed a two-headed ogre
  9314 | D:11     | Killed a two-headed ogre
  9314 | D:11     | Reached XP level 11. HP: 34/66 MP: 14/14
  9328 | Gauntlet | Entered a Gauntlet
  9328 | Gauntlet | Found a transporter.
  9328 | Gauntlet | Found a transporter.
  9334 | Gauntlet | Found a transporter.
  9334 | Gauntlet | Found a transporter.
  9353 | Gauntlet | Found a transporter.
  9361 | Gauntlet | Found a transporter.
  9365 | Gauntlet | Found a transporter.
  9373 | Gauntlet | Found a transporter.
  9373 | Gauntlet | Noticed a hell hog
  9390 | Gauntlet | Found a transporter.
  9393 | Gauntlet | Noticed a cacodemon
  9405 | Gauntlet | Found a transporter.
  9409 | Gauntlet | Found a transporter.
  9443 | Gauntlet | Found a transporter.
 10225 | Gauntlet | Killed a hell hog
 10241 | Gauntlet | Reached skill level 8 in Stealth
 10243 | Gauntlet | Got a brightly glowing lapis lazuli ring
 10283 | Gauntlet | Identified the ring of Ymeatido {+Fly rC+ Str+6 Int-5} (You
                  | found it in a Gauntlet)
 10298 | Gauntlet | Noticed a minotaur
 10315 | Gauntlet | HP: 2/100 [minotaur's headbutt (8)]
 10316 | Gauntlet | Slain by a minotaur

Vault maps used:
D:1:      elethiomel_arrival_infinity_welcomes_careful_drivers,
          chequers_serial_rivers_micro_d
D:2:      minmay_pentomino_o2
D:3:      kennysheep_orc_chapel, uniq_jessica, uniq_robin
D:4:      good_gods_temple_1, nicolae_overflow_crystal_walls, first_ration,
          serial_shops, nicolae_shop_overgrown_old_shop, nicolae_shop_trees,
          kennysheep_mini, kennysheep_little_box, nicolae_shop_statue_plus,
          lemuel_angel_altar, uniq_natasha
D:5:      nicolae_overflow_hidden_temple, lemuel_doored_altar,
          corexii_hall_statues_x, hangedman_decor_clover_reticule,
          guppyfry_early_lair_pool
D:6:      led_sif_pool, nicolae_qazlal_style_of_elements, temple_pool_b,
          cheibrodos_sewer_entry_drain
D:7:      nemelex_xobeh_ov_fountains_minmay,
          chequers_temple_overflow_statue_of_worship, minmay_misc_feat_pillars
D:8:      hangedman_pestilent_swarm, hangedman_decor_slide_cut
D:9:      trog_ov_bears_minmay, david_orc_4, kennysheep_generic_room_5
D:11:     dpeg_oklobed_lair, gauntlet_entry_generic, xom_confusion_cloud
Temple:   chequers_temple_sunken
Sewer:    sewer_kobolds
Gauntlet: minmay_gauntlet_77_indecision

Skill      XL: |  1  2  3  4  5  6  7  8  9 10 11 |
---------------+----------------------------------+-----
Stealth        | 1 2 3 4 5 6 7 8 |  8.0
Throwing       | 2 3 4 |  4.2
Crossbows      | 1 2 3 4 |  4.1
Dodging        | 1 2 3 4 |  4.5
Fighting       | 2 3 4 5 6 7 |  7.2
Short Blades   | 1 2 3 4 |  4.2
Armour         | 3 4 5 6 |  6.5
Bows           | 3 4 |  4.3
Axes           | 1 2 3 |  3.7
Polearms       | 1 2 3 4 |  4.2
Evocations     | 2 3 4 |  4.1
Shields        | 3 |  3.4
Spellcasting   | |  2.1
Conjurations   | |  1.1

Action                   |  1- 3 |  4- 6 |  7- 9 | 10-12 || total
-------------------------+-------+-------+-------+-------++-------
Melee: Short sword       |   145 |    10 |       |       ||   155
       Dagger            |       |    24 |       |       ||    24
       Spear             |       |    58 |       |       ||    58
       Trident           |       |    54 |   434 |   173 ||   661
       Hand axe          |       |       |       |   131 ||   131
 Fire: Shortbow          |    31 |       |     2 |       ||    33
       Hand crossbow     |    10 |       |    18 |     8 ||    36
Throw: Throwing net      |       |     1 |       |       ||     1
Evoke: Wand              |       |       |     3 |    11 ||    14
  Use: Scroll            |     8 |     1 |    11 |     6 ||    26
       Potion            |       |       |     2 |     8 ||    10
 Stab: Distracted        |       |       |       |     1 ||     1
       Invisible         |       |       |       |     4 ||     4
  Eat: Chunk             |     2 |     6 |     8 |     2 ||    18
       Ration            |       |       |     3 |     1 ||     4
Armor: Scale mail        |   131 |    92 |   523 |   283 ||  1029
       Skin              |       |       |    34 |       ||    34
Dodge: Dodged            |   109 |    71 |   426 |   176 ||   782

Table legend:
 A = Non-vault XP
 B = Vault XP
 C = Vault XP percentage of total XP
 D = Non-vault monster count
 E = Vault monster count
 F = Vault count percentage of total count
                 A         B        C        D         E       F
            +---------+---------+-------+---------+---------+-------
      Total |    7223 |    5838 |  44.7 |     187 |      57 |  23.4
            +---------+---------+-------+---------+---------+-------
        D:1 |      34 |       0 |   0.0 |      20 |       0 |   0.0
        D:2 |      22 |      11 |  33.3 |       5 |       6 |  54.5
        D:3 |      62 |     151 |  70.9 |      22 |      13 |  37.1
        D:4 |     392 |      36 |   8.4 |      13 |       1 |   7.1
        D:5 |     283 |      27 |   8.7 |      18 |       2 |  10.0
        D:6 |    1343 |       4 |   0.3 |      37 |       3 |   7.5
        D:7 |    1910 |       0 |   0.0 |      31 |       0 |   0.0
        D:8 |    1277 |     896 |  41.2 |      33 |       4 |  10.8
        D:9 |      77 |     269 |  77.7 |       3 |       2 |  40.0
       D:11 |    1823 |     899 |  33.0 |       5 |       1 |  16.7
      Sewer |       0 |     119 | 100.0 |       0 |      12 | 100.0
   Gauntlet |       0 |    3426 | 100.0 |       0 |      13 | 100.0
            +---------+---------+-------+---------+---------+-------
